 Dungeon Crawl Stone Soup version 0.17-a0-1591-g7a45446 (webtiles) character file.

81 Waterplouf the Conjurer (level 4, -16/24 HPs)
             Began as a Tengu Conjurer on July 29, 2015.
             Killed by divine providence
             ... invoked by an orc priest
              (17 damage)
             ... on level 3 of the Dungeon.
             The game lasted 00:09:29 (1641 turns).

Waterplouf the Conjurer (Tengu Conjurer)            Turns: 1641, Time: 00:09:29

Health: -16/24     AC:  7    Str:  8    XL:     4   Next: 40%
Magic:  1/8        EV: 12    Int: 17    God:
Gold:   70         SH:  0    Dex: 14    Spells: 2 memorised, 5 levels left

rFire  . . .     SeeInvis .     p - +0 dagger (protect)
rCold  . . .     Clarity  .     a - +0 robe
rNeg   . . .     SustAt   .     (no shield)
rPois  .         Gourm    .     (helmet restricted)
rElec  .         Spirit   .     (no cloak)
rCorr  .         Warding  .     (no gloves)
rMut   .         Stasis   .     (boots unavailable)
MR     .....                    (no amulet)
Stlth  ++........               (no ring)
                                (no ring)

@: not resistant to hostile enchantments, unstealthy
A: beak, talons 3
a: no special abilities


You were on level 3 of the Dungeon.
You were not hungry.

You visited 1 branch of the dungeon, and saw 3 of its levels.

You collected 70 gold pieces.

Inventory:

Hand weapons
 d - a +0 short sword
 p - a +0 dagger of protection (weapon)
Armour
 a - a +0 robe (worn)
Scrolls
 i - a scroll of remove curse
 n - a scroll of blinking {unknown}
 o - a scroll of amnesia {unknown}
 r - a scroll of random uselessness {unknown}
 s - a scroll of immolation {unknown}
 u - a scroll of magic mapping {unknown}
Potions
 g - a potion of resistance {unknown}
 l - a potion of curing {unknown}
 t - a potion of mutation {unknown}
 v - a potion of flight {unknown}
Books
 b - a book of Conjurations

   Spells                             Type                      Level
   a - Magic Dart                     Conjuration                  1
   b - Searing Ray                    Conjuration                  2
   c - Dazzling Spray                 Conjuration/Hexes            3
   d - Fulminant Prism                Conjuration/Hexes            4
   e - Iskenderun's Mystic Blast      Conjuration                  4
   f - Iskenderun's Battlesphere      Conjuration/Charms           5
Comestibles
 c - a bread ration
 f - a royal jelly
 j - 2 meat rations
 k - 2 beef jerkies
 m - 5 fruits
 q - 3 chunks of flesh


   Skills:
 - Level 2.2 Dodging
 - Level 2.0 Stealth
 + Level 2.6 Spellcasting
 * Level 7.1 Conjurations


You had 5 spell levels left.
You knew the following spells:

 Your Spells              Type           Power        Failure   Level  Hunger
a - Magic Dart            Conj           ####         1%          1    #......
b - Searing Ray           Conj           ####..       1%          2    ##.....


Dungeon Overview and Level Annotations

Branches:
Dungeon (3/15)

Altars:
Xom


Innate Abilities, Weirdness & Mutations

You have a beak for a mouth.
You have claws for feet.


Message History

The orc is severely wounded.
The orc barely misses you.
The searing ray hits the orc.
The orc is severely wounded.
The searing ray hits the orc.
The orc is heavily wounded.
The searing ray hits the orc.
You kill the orc!
The searing ray hits the orc priest.
The orc priest is heavily wounded.
You hit the orc priest but do no damage.
You claw the orc priest, but do no damage.
You peck the orc priest, but do no damage.
The orc priest is heavily wounded.
The orc priest hits you with a mace.
* * * LOW HITPOINT WARNING * * *
The orc priest invokes the aid of Beogh against you.
Something smites you!
Ouch! That really hurt!
You die...

#######.### ########.
##...#.....#
#......)...#### #####
#....................
#.............#...###
##...#.....##o.......
##..###.####o#. ###
#..# #.# #.# #o. #..#
#.# #@## #o# #.
#..#...# #.##o##.##
.. #>.#.###
#.##.#...##.#..
#..#.#
#.##...........
#..#.# #.# #.%?#
#..#.# #.# ##.##
#..#.# #.# #.#######
#..#)#### #.#
#........
#.......###.#
#.#######


You could see an orc priest and an orc.

Vanquished Creatures
  A hound (D:3)
  An adder (D:2)
  A worm (D:1)
  A giant gecko (D:1)
  An orc (D:3)
  A ball python (D:1)
  4 bats
  A giant cockroach (D:2)
  7 hobgoblins
  7 kobolds
  3 goblins
  6 rats
34 creatures vanquished.

Notes
Turn   | Place    | Note
--------------------------------------------------------------
     0 | D:1      | Waterplouf the Tengu Conjurer began the quest for the Orb.
     0 | D:1      | Reached XP level 1. HP: 10/10 MP: 4/4
   122 | D:1      | Reached XP level 2. HP: 15/15 MP: 4/6
   494 | D:1      | Reached skill level 6 in Conjurations
   532 | D:1      | Learned a level 2 spell: Searing Ray
   895 | D:1      | Reached XP level 3. HP: 15/19 MP: 2/7
  1351 | D:2      | Found a shimmering altar of Xom.
  1599 | D:3      | Reached skill level 7 in Conjurations
  1599 | D:3      | Reached XP level 4. HP: 24/24 MP: 2/8
  1640 | D:3      | HP: 1/24 [orc priest/mace (6)]
  1641 | D:3      | Killed from afar by an orc priest

Vault maps used:
D:1:      scummos_arrival_simple_fountains, nrook_mini_vaults,
          minmay_misc_feat_more_columns
D:2:      nicolae_overflow_hidden_temple

Action                   |  1- 3 |  4- 6 || total
-------------------------+-------+-------++-------
Melee: Short sword       |     4 |       ||     4
       Dagger            |    26 |     1 ||    27
 Cast: Magic Dart        |    44 |       ||    44
       Searing Ray       |     6 |     1 ||     7
  Use: Scroll            |       |     2 ||     2
  Eat: Chunk             |     3 |       ||     3
